 Dungeon Crawl Stone Soup version 0.30-a0-881-g1ff12e1e11 (webtiles) character file.

Game seed: 9805448825465111821

29 mandoloar the Digger (level 3, -5/20 HPs)
             Began as a Gargoyle Earth Elementalist on Mar 14, 2023.
             Slain by Natasha (6 damage)
             ... on level 2 of the Dungeon.
             The game lasted 00:04:17 (1708 turns).

mandoloar the Digger (Gargoyle Earth Elementalist)  Turns: 1708, Time: 00:04:17

Health: -5/20      AC:  6    Str: 11    XL:     3   Next: 16%
Magic:  2/6        EV: 11    Int: 17    God:
Gold:   63         SH:  0    Dex: 10    Spells: 5/6 levels left

rFire   . . .      SeeInvis .    a - +0 dagger
rCold   . . .      Faith    .    (no shield)
rNeg    + . .      Spirit   .    d - +0 robe
rPois   ∞          Reflect  .    (no helmet)
rElec   +          Rampage  .    (no cloak)
rCorr   .                        j - +0 pair of gloves
Will    .....                    (no boots)
Stlth   ++                       (no amulet)
HPRegen 0.23/turn                (no ring)
MPRegen 0.10/turn                (no ring)

@: slowed, very slow
A: sickness immunity, AC +3, negative energy resistance 1, electricity
resistance, torment resistance 1, petrification resistance
a: no special abilities


You were on level 2 of the Dungeon.
You visited 1 branch of the dungeon, and saw 2 of its levels.

You collected 63 gold pieces.

Inventory:

Hand Weapons
 a - a +0 dagger (weapon)
 b - a +0 sling
Armour
 d - a +0 robe (worn)
 j - a +0 pair of gloves (worn)
Scrolls
 c - a scroll of teleportation {unknown}
 e - a scroll of poison {unknown}
 g - a scroll of magic mapping {unknown}
 i - a scroll of fog {unknown}
Potions
 f - a potion of magic
 h - a potion of degeneration {unknown}


   Skills:
 + Level 1.2 Fighting
 + Level 1.3 Armour
 - Level 1.5 Dodging
 - Level 2.1 Stealth
 + Level 2.3 Spellcasting
 - Level 0.7 Transmutations
 + Level 4.0 Earth Magic


You had 5 spell levels left.
You knew the following spells:

 Your Spells              Type           Power      Damage    Failure   Level
a - Sandblast             Erth           30%        2d9       3%          1

Your spell library contained the following spells:

 Spells                   Type           Power      Damage    Failure   Level
 Passwall                 Tmut/Erth      8%         N/A       11%         2
 Summon Small Mammal      Summ           4%         N/A       19%         1
 Stone Arrow              Conj/Erth      16%        3d8       24%         3
 Call Canine Familiar     Summ           1%         N/A       50%         3
 Summon Guardian Golem    Hex/Summ       1%         N/A       50%         3
 Petrify                  Tmut/Erth      10%        N/A       56%         4


Dungeon Overview and Level Annotations

Branches:
Dungeon (2/15)

Altars:

Annotations:
D:2 Natasha


Innate Abilities, Weirdness & Mutations

You are immune to sickness and miasma.
Your stone body is resilient. (AC +3)
You are immune to poison.
You resist negative energy. (rN+)
You are resistant to electric shocks. (rElec)
You are resistant to unholy torment.
You are immune to petrification.


Message History

Natasha casts a spell at you. You resist with significant effort.
What are your orders? t - Shout!
Orders for allies: a - Attack new target. r - Retreat! s - Stop attacking. g - Guard the area. f - Follow me.
Anything else - Cancel.
You shout for attention!
The blast of sand hits Natasha!
Natasha is heavily wounded.
Casting: Sandblast (safe; 3% risk of failure)
Confirm with . or Enter, or press ? or * to list all spells.
You don't know that spell.
Unknown command.
The blast of sand hits Natasha.
Natasha is heavily wounded.
Natasha barely misses you.
The blast of sand hits Natasha but does no damage.
Natasha is heavily wounded.
Natasha mumbles some strange words.
Natasha casts a spell at you. You resist with significant effort.
The blast of sand hits Natasha!
Natasha is almost dead.
Natasha stares at you and mumbles some strange words.
You feel yourself slow down. Natasha attacks as you move away!
Natasha closely misses you. The white imp gestures at you.
The puff of frost hits you!
Ouch! That really hurt!
Natasha casts a spell at you.
You feel as though you will be slow longer.
The white imp gestures at you. The puff of frost hits you!
* * * LOW HITPOINT WARNING * * *
You are too injured to fight recklessly!
You completely miss Natasha.
Natasha is almost dead.
Natasha claws you.
You die...

######### #.......#
#.......# #.......#
#.......# #.).....#
#.....5.#
#.......#####
#.....)h@...## #####
#.......###..## #....
####.#### ##>.##
#.... #....##
##..######.).. #
#...###........<...
###............####
#.....#........####
....##.#########...#.
### #..## ###..<


You could see Natasha and a white imp (summoned).

Vanquished Creatures
  A dart slug (D:1)
  4 bats (D:1)
  2 endoplasms (D:1)
  2 giant cockroaches (D:1)
  3 goblins (D:1)
  2 hobgoblins
  A quokka (D:1)
  4 ball pythons
  2 frilled lizards (D:2)
  2 kobolds (D:2)
  2 rats (D:1)
25 creatures vanquished.

Notes
Turn   | Place    | Note
-------+----------+-------------------------------------------
     0 | D:1      | mandoloar the Gargoyle Earth Elementalist began the quest
                  | for the Orb.
     0 | D:1      | Reached XP level 1. HP: 10/10 MP: 3/3
   271 | D:1      | Reached XP level 2. HP: 16/16 MP: 3/5
   380 | D:1      | Reached skill level 1 in Armour
   683 | D:1      | Reached skill level 1 in Fighting
   709 | D:1      | Found a faded altar of an unknown god.
  1213 | D:1      | Reached skill level 4 in Earth Magic
  1478 | D:2      | Reached XP level 3. HP: 20/20 MP: 4/6
  1700 | D:2      | Noticed Natasha
  1707 | D:2      | HP: 1/20 [white imp/puff of frost[Natasha] (9)]
  1708 | D:2      | Slain by Natasha

Illustrated notes

Levels and vault maps discovered:
D:1:      dpeg_arrival_simpleton_b, layout_loops_ring,
          ebering_ecumenical_altar_mist
D:2:      layout_rooms, nicolae_elevator_lobby_asterisk, uniq_robin,
          uniq_natasha

Skill      XL: |  1  2 |
---------------+-------+-----
Armour         | 1 |  1.3
Fighting       | 1 |  1.2
Earth Magic    | 4 |  4.0
Dodging        | |  1.5
Stealth        | |  2.1
Spellcasting   | |  2.3
Transmutations | |  0.7

Action                     || total
---------------------------++-------
  Melee: Dagger            ||    14
   Cast: Sandblast         ||    39
 Armour: Robe              ||     9
  Dodge: Dodged            ||    15

Table legend: (Time is in decaauts)
 A = Elapsed time spent in this place.
 B = Non-inter-level travel time spent in this place.
 C = Inter-level travel time spent in this place.
 D = Time resting spent in this place.
 E = Time spent auto-exploring this place.
 F = Levels seen in this place.
 G = Mean time per level.
                   A        B        C        D        E       F      G
               +--------+--------+--------+--------+--------+-----+--------+
         Total |   1727 |   1610 |    117 |    535 |    870 |   2 |  863.5 |
       Dungeon |   1727 |   1610 |    117 |    535 |    870 |   2 |  863.5 |
               +--------+--------+--------+--------+--------+-----+--------+

Top non-repeatable levels by time:
     D:1: 1469 daAuts
     D:2: 258 daAuts
